 Dungeon Crawl Stone Soup version 0.21-a0-538-gd16b88a (webtiles) character file.

28 Lasiace the Cudgeler (level 3, 0/37 HPs)
             Began as an Ogre Gladiator on Dec 15, 2017.
             Slain by an adder (5 damage)
             ... on level 2 of the Dungeon.
             The game lasted 00:03:55 (1129 turns).

Lasiace the Cudgeler (Ogre Gladiator)               Turns: 1129, Time: 00:03:55

Health: 0/37       AC:  3    Str: 18    XL:     3   Next: 14%
Magic:  3/3        EV: 10    Int:  9    God:
Gold:   42         SH:  0    Dex: 11    Spells: 2/2 levels left

rFire    . . .     SeeInvis .   a - +0 flail
rCold    . . .     Gourm    .   (no shield)
rNeg     . . .     Faith    .   d - +0 robe
rPois    .         Spirit   .   D - +0 hat
rElec    .         Reflect  .   (no cloak)
rCorr    .         Harm     .   (gloves unavailable)
MR       .....                  (boots unavailable)
Stlth    +.........             (no amulet)
HPRegen  0.12/turn              I - ring of wizardry
MPRegen  0.08/turn              (no ring)

@: no status effects
A: large, unfitting armour, tough skin 1
a: no special abilities


You were on level 2 of the Dungeon.
You were not hungry.

You visited 1 branch of the dungeon, and saw 3 of its levels.

You collected 42 gold pieces.

Inventory:

Hand Weapons
 a - a +0 flail (weapon)
 b - a +0 hunting sling
Missiles
 h - 67 stones (quivered) {@Q0}
 k - 13 sling bullets {@Q3}
 m - 3 throwing nets {=f !f}
Armour
 d - a +0 robe (worn)
 D - a +0 hat (worn)
Jewellery
 I - a ring of wizardry (left hand)
Scrolls
 c - 2 scrolls of identify {@r4}
 i - a scroll of fog {unknown}
 j - 3 scrolls of remove curse {unknown}
Potions
 e - a potion of mutation {!q}
 l - a potion of agility
Comestibles
 f - a bread ration
 g - 3 chunks of flesh
 n - a fruit


   Skills:
 + Level 3.0 Fighting
 * Level 3.1 Maces & Flails
 + Level 2.3 Throwing
 * Level 3.1 Dodging


You had 2 spell levels left.
You didn't know any spells.

Dungeon Overview and Level Annotations

Branches:
Dungeon (3/15)

Altars:


Innate Abilities, Weirdness & Mutations

You are too large for most types of armour.
You have tough skin. (AC +1)


Message History

The bat closely misses you.
Some of the chunks of flesh in your inventory have rotted away.
Found a stone staircase leading up.
Found a hunting sling.
There is a stone staircase leading up here.
The bat hits you but does no damage. The adder bites you.
* * * LOW HITPOINT WARNING * * *
You climb upwards.
There is a stone staircase leading down here.
The bat barely misses you. The adder barely misses you.
The bat hits you but does no damage. The bat misses you.
The bat hits you but does no damage.
You barely miss the bat. The bat closely misses you. The adder bites you.
* * * LOW HITPOINT WARNING * * *
Unknown command.
You hit the adder.
The adder is lightly wounded.
The adder bites you.
You die...

.+ ##.#.## .# #....##.
.#######.#.##.#
###........##.#
#.....#...#.#
#.....#.#.#.#
#.....#.....#
#.....##.#..#########
##....##....bS@.....#
####)...#......######.#
...'....+...>..#
####....#......#
.....+.......#
######.......#
#.......# #######.# .#


You could see an adder and a bat.

Vanquished Creatures
  A worm (D:3)
  A dart slug (D:1)
  A leopard gecko (D:2)
  2 giant cockroaches
  3 goblins
  3 jackals (D:2)
  2 kobolds (D:1)
  A quokka (D:2)
  4 bats
  2 rats
20 creatures vanquished.

Notes
Turn   | Place    | Note
-------+----------+-------------------------------------------
     0 | D:1      | Lasiace the Ogre Gladiator began the quest for the Orb.
     0 | D:1      | Reached XP level 1. HP: 22/22 MP: 1/1
   293 | D:1      | Reached XP level 2. HP: 26/29 MP: 2/2
   875 | D:1      | You fall through a shaft!
  1000 | D:2      | Reached XP level 3. HP: 37/37 MP: 3/3
  1011 | D:2      | You fall through a shaft!
  1129 | D:2      | Slain by an adder

Vault maps used:
D:1:      dpeg_arrival_windows_large_door
D:2:      old_standard_altar
D:3:      kennysheep_slug_shrine, first_bread, serial_co_window_serial,
          co_window_corner_a, co_window_corner_a, co_window_of_opportunity_a,
          co_window_corner_a, co_window_paths_a, co_window_corner_ca,
          co_window_corner_cb, co_window_corner_b, co_window_broadway_b,
          co_window_corner_b, co_window_2corner, co_window_of_opportunity_c,
          co_window_paths_e, glass_columns_b, glass_columns_b, glass_columns_b,
          glass_columns_a

Skill      XL: |  1  2 |
---------------+-------+-----
Dodging        | 3 |  3.1
Maces & Flails | 3 |  3.1
Fighting       | 3 |  3.0
Throwing       | |  2.3

Action                   || total
-------------------------++-------
Melee: Flail             ||    51
 Fire: Hunting sling     ||     9
Throw: Stone             ||    13
  Use: Scroll            ||     2
 Stab: Sleeping          ||     1
  Eat: Chunk             ||     1
Armor: Robe              ||    26
Dodge: Dodged            ||    33

Table legend:
 A = Spawn XP
 B = Non-spawn XP
 C = Spawn XP percentage of total XP
 D = Spawn monster count
 E = Non-spawn monster count
 F = Spawn count percentage of total count
 G = Total turns spent on level
                    A         B        C        D         E        F      G
               +---------+---------+-------+---------+---------+-------+---------
         Total |       0 |      41 |   0.0 |       0 |      20 |   0.0 |  1129
               +---------+---------+-------+---------+---------+-------+---------
           D:1 |       0 |      17 |   0.0 |       0 |       9 |   0.0 |   875
           D:2 |       0 |      18 |   0.0 |       0 |       9 |   0.0 |   142
           D:3 |       0 |       6 |   0.0 |       0 |       2 |   0.0 |   112
               +---------+---------+-------+---------+---------+-------+---------
